 Dungeon Crawl Stone Soup version 0.23.2-1-ga50397a (webtiles) character file.

Game seed: 17017017559413212171

153 Fang the Skirmisher (level 5, -8/49 HPs)
             Began as a Gargoyle Berserker on May 28, 2019.
             Was a Believer of Trog.
             Killed by divine providence
             ... invoked by an orc priest
              (15 damage)
             ... on level 4 of the Dungeon.
             The game lasted 00:01:48 (2088 turns).

Fang the Skirmisher (Gargoyle Berserker)            Turns: 2088, Time: 00:01:48

Health: -8/49      AC: 15    Str: 27    XL:     5   Next: 35%
Magic:  5/5        EV:  8    Int:  7    God:    Trog [**....]
Gold:   159        SH:  0    Dex: 11    Spells: 4/4 levels left

rFire    . . .     SeeInvis .   a - +0 hand axe
rCold    . . .     Gourm    .   (no shield)
rNeg     + . .     Faith    .   b - +0 plate armour
rPois    ∞         Spirit   .   (no helmet)
rElec    +         Reflect  .   (no cloak)
rCorr    .         Harm     .   (no gloves)
MR       ++...                  (no boots)
Stlth    ..........             (no amulet)
HPRegen  1.16/turn              n - ring of attention (curse)
MPRegen  0.09/turn              v - +2 ring of dexterity

@: berserking, regenerating, very quick
A: negative energy resistance 1, electricity resistance, unbreathing,
petrification resistance, rot immunity, AC +4
a: Berserk, Trog's Hand, Renounce Religion


You were on level 4 of the Dungeon.
You worshipped Trog.
Trog was pleased with you.
You were very hungry.

You visited 1 branch of the dungeon, and saw 4 of its levels.

You collected 159 gold pieces.

Inventory:

Hand Weapons
 a - a +0 hand axe (weapon)
Armour
 b - a +0 plate armour (worn)
Jewellery
 m - an uncursed ring of stealth
 n - a cursed ring of attention (left hand)
 r - an uncursed ring of protection from magic
 v - a +2 ring of dexterity (right hand)
Scrolls
 d - 2 scrolls of teleportation {unknown}
 e - 3 scrolls of identify {unknown}
 f - 4 scrolls of remove curse {unknown}
 h - 2 scrolls of magic mapping {unknown}
 i - a scroll of amnesia {unknown}
 k - a scroll of fear {unknown}
 l - 2 scrolls of enchant armour {unknown}
 u - a scroll of immolation {unknown}
Potions
 j - a potion of berserk rage {unknown}
 o - 2 potions of haste {unknown}
 p - a potion of curing {unknown}
 q - a potion of lignification {unknown}
 s - a potion of agility {unknown}
 t - 2 potions of heal wounds {unknown}
Comestibles
 c - 6 rations
 g - 2 chunks of flesh


   Skills:
 + Level 4.2 Fighting
 + Level 3.5 Axes
 + Level 3.4 Armour
 + Level 2.5 Dodging


You had 4 spell levels left.
You didn't know any spells.
Your spell library was empty.

Dungeon Overview and Level Annotations

Branches:
Dungeon (4/15)
 Temple: D:4-7

Altars:
Ru


Innate Abilities, Weirdness & Mutations

You are resistant to torment.
Your stone body is resilient. (AC +4)
You are immune to poison.
You resist negative energy. (rN+)
You are resistant to electric shocks. (rElec)
You can survive without breathing.
You are immune to petrification.
You are immune to rotting.


Message History

Trog accepts your kill.
You hit the orc. The orc hits you but does no damage. x2
The orc hits you with a +0 whip.
* * * LOW HITPOINT WARNING * * *
The orc wizard hits you but does no damage.
You slash the orc!
You kill the orc!
Trog accepts your kill.
You closely miss the orc wizard.
Your plate armour prevents you from hitting the orc. x2
You slash the orc!
You kill the orc!
Trog accepts your kill.
You slash the orc!
You kill the orc!
Trog accepts your kill. The orc barely misses you.
The orc priest calls down the wrath of Beogh upon you.
Beogh smites you!
You die...

...... ...#
..........#..##.##
...##.............#...
...##..........#..#..#
...............#.....##.
........................
.##....................#
###..........<..))....#
..........(....o@o....#
..#.#o...o.....oooo..<..
..#...###^.......o.....#
.......###..)...#......#
#......# #..............
#......# ###........#...
......## ##.......##..
#...### #........ ..
##### .....#.


You could see 2 orc priests, 2 orc wizards and 4 orcs.

Vanquished Creatures
  A worker ant (D:2)
  3 adders
  A worm (D:2)
  2 dart slugs
  11 orcs
  9 bats
  6 giant cockroaches
  7 goblins
  6 hobgoblins
  13 jackals
  2 kobolds (D:1)
  2 quokkas
  A ball python (D:1)
  4 frilled lizards
  6 rats
74 creatures vanquished.

Notes
Turn   | Place    | Note
-------+----------+-------------------------------------------
     0 | D:1      | Fang the Gargoyle Berserker began the quest for the Orb.
     0 | D:1      | Reached XP level 1. HP: 14/14 MP: 1/1
   212 | D:1      | Reached XP level 2. HP: 14/19 MP: 2/2
   731 | D:2      | Reached XP level 3. HP: 20/23 MP: 3/3
   765 | D:2      | Reached ** piety under Trog
   931 | D:2      | Reached XP level 4. HP: 28/29 MP: 4/4
  1319 | D:2      | Reached skill level 4 in Fighting
  1686 | D:3      | Reached XP level 5. HP: 28/33 MP: 5/5
  1700 | D:3      | Found a sacrificial altar of Ru.
  2088 | D:4      | Killed from afar by an orc priest

Skill      XL: |  1  2  3  4 |
---------------+-------------+-----
Axes           | 3 |  3.5
Dodging        | 2 |  2.5
Armour         | 3 |  3.4
Fighting       | 4 |  4.2

Action                   |  1- 3 |  4- 6 || total
-------------------------+-------+-------++-------
Melee: Hand axe          |    86 |   171 ||   257
Invok: Berserk           |       |     1 ||     1
       Trog's Hand       |       |     1 ||     1
  Eat: Chunk             |       |     4 ||     4
Armor: Plate armour      |   105 |   141 ||   246
Dodge: Dodged            |    45 |    71 ||   116
